 Dungeon Crawl Stone Soup version 0.28-a0-1080-g05a166d0ed (webtiles) character file.

Game seed: 5738511219360702944

43859 freelancePsychic the Alchemist (level 13, -10/148 HPs)
             Began as a Pale Draconian Transmuter on Dec 9, 2021.
             Was the Champion of Okawaru.
             Mangled by a death yak (24 damage)
             ... on level 6 of the Lair of Beasts.
             The game lasted 00:34:45 (21130 turns).

freelancePsychic the Alchemist (DrTm)              Turns: 21130, Time: 00:34:46

Health: -10/148    AC: 12    Str: 13    XL:     13   Next: 93%
Magic:  18/18      EV: 16    Int: 21    God:    Okawaru [******]
Gold:   2474       SH:  0    Dex: 14    Spells: 2/19 levels left

rFire   x . .      SeeInvis .     - Unarmed
rCold   + + +      Faith    .   (shield currently unavailable)
rNeg    . . .      Spirit   .   (armour unavailable)
rPois   +          Reflect  .   (helmet currently unavailable)
rElec   .          Harm     .   (cloak currently unavailable)
rCorr   .          Rampage  .   (gloves currently unavailable)
Will    .....                   (boots currently unavailable)
Stlth   ++........              v - amulet of magic regeneration
HPRegen 0.34/turn               t - +4 ring of evasion
MPRegen 0.56/turn               T - ring of the Octopus King {Wiz AC+1 EV+1 Str+1 Int+1 Dex+1}

@: about to teleport, ice-form, slowed, very slow
A: freezing attack, amphibious, boosted hp, (breathe steam), AC +8, large,
unfitting armour, (cold-blooded), (steam resistance), thin skeletal structure 1
a: End Transformation, Renounce Religion, Heroism, Finesse, Duel


You were on level 6 of the Lair of Beasts.
You worshipped Okawaru.
Okawaru was exalted by your worship.
You were a creature of crystalline ice.
You visited 2 branches of the dungeon, and saw 18 of its levels.
You also visited: Volcano.

You collected 2474 gold pieces.

Inventory:

Missiles
 c - 4 curare-tipped darts
 k - 5 boomerangs
 s - 4 javelins
Armour
 e - a +1 pair of gloves (melded)
 f - a +1 pair of boots (melded)
 q - a +0 cloak (melded)
 K - the +2 hat of Oseffem {+Inv rC+}
   (You acquired it on level 10 of the Dungeon)

   rC:        It protects you from cold.
   +Inv:      It lets you turn invisible.
 R - a +2 buckler of positive energy
 V - the +3 crown of Dyrovepreva (melded) {rElec Int+2 SInv}
   (You found it on level 6 of the Lair of Beasts)

   Int:       It affects your intelligence (+2).
   rElec:     It insulates you from electricity.
   SInv:      It lets you see invisible.
Jewellery
 g - a ring of fire
 t - a +4 ring of evasion (left front paw)
 v - an amulet of magic regeneration (around neck)
 z - a +4 ring of protection
 A - an amulet of the acrobat
 D - a ring of wizardry
 H - a ring of flight
 Q - a +6 ring of strength
 T - a ring of the Octopus King (right front paw) {Wiz AC+1 EV+1 Str+1 Int+1 Dex+1}
   (You found it on level 5 of the Lair of Beasts)

   [ring of wizardry]

   It improves your spell success rate.
   AC:        It affects your AC (+1).
   EV:        It affects your evasion (+1).
   Str:       It affects your strength (+1).
   Int:       It affects your intelligence (+1).
   Dex:       It affects your dexterity (+1).
 U - a ring of magical power
Wands
 o - a wand of mindburst (1)
 x - a wand of acid (14)
 y - a wand of flame (36)
 C - a wand of iceblast (17)
 M - a wand of paralysis (5)
 O - a wand of digging (8)
Scrolls
 b - 9 scrolls of teleportation {@r4}
 d - 3 scrolls of vulnerability
 j - a scroll of noise
 l - 5 scrolls of identify {@r1}
 m - 2 scrolls of magic mapping
 r - 3 scrolls of brand weapon
 B - 2 scrolls of holy word
 E - 3 scrolls of enchant weapon
 F - a scroll of fog
 J - 6 scrolls of amnesia
 L - a scroll of blinking
 N - 3 scrolls of enchant armour {unknown}
 S - a scroll of acquirement
Potions
 a - a potion of ambrosia {unknown}
 h - 4 potions of resistance {unknown}
 i - 4 potions of brilliance {unknown}
 n - 3 potions of attraction {unknown}
 p - 3 potions of curing {@q1}
 u - 4 potions of heal wounds {unknown}
 w - 4 potions of might {unknown}
 G - 5 potions of flight {unknown}
 I - 2 potions of haste {unknown}
 P - 4 potions of invisibility {unknown}


   Skills:
 + Level 14.3 Fighting
 - Level 3.9 Dodging
 - Level 11.0 Unarmed Combat
 - Level 3.9 Spellcasting
 * Level 16.1 Transmutations
 - Level 3.9 Ice Magic
 - Level 2.5 Poison Magic
 - Level 2.9 Invocations


You had 2 spell levels left.
You knew the following spells:

 Your Spells              Type           Power      Damage    Failure   Level
a - Beastly Appendage     Tmut           100%       N/A       0%          1
b - Spider Form           Tmut/Pois      43%        N/A       1%          3
c - Ice Form              Ice/Tmut       46%        N/A       1%          4
d - Wereblood             Tmut           64%        N/A       1%          2
e - Dragon Form           Tmut           32%        N/A       6%          7

Your spell library contained the following spells:

 Spells                   Type           Power      Damage    Failure   Level
 Apportation              Tloc           8%         N/A       4%          1
 Shock                    Conj/Air       16%        1d4       4%          1
 Slow                     Hex            16%        N/A       4%          1
 Ignite Poison            Fire/Tmut/Pois 30%        N/A       1%          3
 Alistair's Intoxication  Tmut/Pois      28%        N/A       2%          5
 Yara's Violent Unravell  Hex/Tmut       19%        3d9       4%          5
 Confusing Touch          Hex            4%         N/A       16%         3
 Gell's Gravitas          Tloc           4%         N/A       16%         3
 Lesser Beckoning         Tloc           4%         N/A       16%         3
 Swiftness                Air            4%         N/A       16%         3
 Teleport Other           Tloc           4%         N/A       16%         3
 Airstrike                Air            2%         N/A       43%         4
 Animate Skeleton         Necr           Unusable   N/A       N/A         1
 Summon Small Mammal      Summ           Unusable   N/A       N/A         1

Dungeon Overview and Level Annotations

Branches:
Dungeon (12/15)            Temple (0/1) D:7            Lair (6/6) D:8
  Swamp (0/4) Lair:3       Spider (0/4) Lair:3        Slime (0/5) Lair:6
    Orc (0/2) D:11        Volcano (visited)

Altars:
Ashenzari
Cheibriados
Hepliaklqana
Kikubaaqudgha
Makhleb
Okawaru
Qazlal
Trog
Wu Jian
Zin

Shops:
D:6 !

Annotations:
D:4 Grinder
D:6 1 runed translucent door, ytrimaz's ghost, novice OpTm
D:12 exclusion: orange crystal statue


Innate Abilities, Weirdness & Mutations

You are a creature of crystalline ice.
You have a powerful freezing melee attack.
You are amphibious.
Your maximum health is increased.
Your armour is entirely melded.
You are incapable of wielding weapons or throwing items.
((You can breathe blasts of scalding, opaque steam.))
((Your pale cyan-grey scales are hard. (AC +8)))
You cannot fit into any form of body armour.
((You are cold-blooded and may be slowed by cold attacks.))
((You are immune to the effects of steam.))
You have a somewhat thin skeletal structure. (Dex +2, Stealth+)


Message History

Unknown command.
Unknown command.
Unknown command.
Unknown command.
Unknown command.
Unknown command.
Unknown command.
Unknown command.
Unknown command.
Unknown command.
Unknown command.
Unknown command.
Unknown command.
Unknown command.
Unknown command.
Unknown command.
Unknown command.
Unknown command.
Unknown command.
Unknown command.
Unknown command.
Unknown command.
Unknown command.
The plant is engulfed in calcifying dust.
The plant is engulfed in calcifying dust.
The plant turns to stone!
The death yak is engulfed in calcifying dust.
The death yak is moving more slowly.
As you read the scroll of teleportation {@r4}, it crumbles to dust.
You feel strangely unstable.
You feel yourself speed up.
The plant is engulfed in calcifying dust.
A nearby plant withers and dies.
The death yak gores you!
* * * LOW HITPOINT WARNING * * *
The catoblepas breathes a plume of calcifying dust at you.
The blast of calcifying dust hits you.
* * * LOW HITPOINT WARNING * * *
Being near the torpor snail leaves you feeling lethargic.
The death yak gores you!!
You die...

≈...###..#†#.#P..#
##........... ≈≈..#
#..[†..#...###
#..........#
≈≈≈≈###..........#.#
#...........
≈≈≈≈≈###......†....#
#P.........# ≈...##
##...#.....P#
###......... ...P#
#..P#####..## ###.......#
...P#
#####§......###.#.......#
...###
#.§§#..P##..........#
.....#
#...Y§..#........(...
.....#
#####YY##............
.....#
#.§w§###...........
.....# #..k†..#
#.P.##...P.. #....##
........#####.P.####....
.#....#
..#.#....##...###.##.#.#
P#....####..
....##....#..#.#....
........###
#....##..............
.........##
######......P.(......


You could see a death yak (petrifying), a catoblepas and a torpor snail
(petrifying).

Vanquished Creatures
  3 hydras
  2 boulder beetles
  A two-headed ogre (D:11)
  2 death yaks (Lair:6)
  A sun demon (Volcano)
  6 lindwurms
  A wolf spider (Lair:6)
  An orb spider (Lair:3)
  An orc sorcerer (Volcano)
  3 ugly things (Volcano)
  2 elephants (Lair:6)
  Joseph (D:7)
  A torpor snail (Lair:6)
  4 black mambas
  10 cane toads
  4 rime drakes
  9 komodo dragons
  A troll (D:10)
  16 polar bears
  4 blink frogs (Lair:4)
  3 raiju (Lair:6)
  4 slime creatures
  4 dream sheep (Lair:6)
  A shadow (D:10)
  46 yaks
  4 wyverns
  3 basilisks
  2 vampire mosquitoes (D:11)
  A steam dragon (D:8)
  Edmund (D:5)
  Menkaure (D:6)
  6 wargs (Lair:6)
  An acid dragon (D:8)
  13 hell hounds
  12 water moccasins
  13 black bears
  2 orc warriors
  3 ice beasts
  2 sky beasts (D:7)
  17 wolves
  2 ogres (D:5)
  4 centaurs
  A phantom (D:6)
  A kobold brigand (D:9)
  3 scorpions
  11 bullfrogs
  A water moccasin skeleton (D:5)
  4 killer bees (D:10)
  3 howler monkeys
  A bullfrog zombie (D:4)
  Crazy Yiuf (D:7)
  2 centaur zombies
  4 hounds
  7 jellies
  A centaur skeleton (D:6)
  4 orc priests
  2 bullfrog skeletons
  2 gnoll shamans
  4 iguanas
  4 hell rats (Lair:5)
  5 orc wizards
  9 gnolls
  3 howler monkey zombies
  5 adders
  29 orcs
  7 bats
  6 endoplasms
  4 giant cockroaches
  5 goblins
  8 hobgoblins
  5 quokkas
  5 ball pythons
  2 frilled lizards (D:1)
  8 kobolds
  3 rats
378 creatures vanquished.

Vanquished Creatures (others)
  5 fungi
  25 plants
30 creatures vanquished.

Grand Total: 408 creatures vanquished

Notes
Turn   | Place    | Note
-------+----------+-------------------------------------------
     0 | D:1      | freelancePsychic the Draconian Transmuter began the quest
                  | for the Orb.
     0 | D:1      | Reached XP level 1. HP: 16/16 MP: 3/3
   158 | D:1      | Reached XP level 2. HP: 21/23 MP: 3/5
   322 | D:1      | Reached skill level 1 in Poison Magic
   814 | D:1      | Reached XP level 3. HP: 25/29 MP: 6/6
  1338 | D:1      | Found a faded altar of an unknown god.
  1854 | D:2      | Learned a level 3 spell: Spider Form
  2624 | D:2      | Reached skill level 3 in Transmutations
  2624 | D:2      | Reached XP level 4. HP: 4/37 MP: 1/7
  3616 | D:3      | Reached XP level 5. HP: 34/45 MP: 0/8
  4264 | D:4      | Noticed Grinder
  4428 | D:4      | Reached skill level 1 in Ice Magic
  4465 | D:4      | Paralysed by Grinder for 2 turns
  4513 | D:4      | Paralysed by Grinder for 3 turns
  4575 | D:4      | Gained mutation: Your body sometimes deteriorates upon
                  | taking damage. [potion of mutation]
  4575 | D:4      | Gained mutation: Your mind is acute. (Int +2) [potion of
                  | mutation]
  4578 | D:4      | Reached XP level 6. HP: 19/52 MP: 7/9
  4921 | D:4      | Reached skill level 4 in Transmutations
  5189 | D:4      | You fall into a shaft and drop 1 floor!
  5189 | D:5      | Entered Level 5 of the Dungeon
  5503 | D:5      | Noticed an ice beast
  5520 | D:5      | Learned a level 4 spell: Ice Form
  5678 | D:5      | Killed an ice beast
  5679 | D:5      | Your scales start taking on a pale cyan-grey colour.
  5679 | D:5      | Reached XP level 7. HP: 60/60 MP: 2/10
  5679 | D:5      | Gained mutation: You are immune to the effects of steam.
                  | [Pale Draconian growth]
  5805 | D:5      | Found a burning altar of Makhleb.
  5806 | D:5      | Found a snail-covered altar of Cheibriados.
  5808 | D:5      | Found an ancient bone altar of Kikubaaqudgha.
  6088 | D:5      | Reached skill level 5 in Fighting
  6166 | D:5      | Found a bloodstained altar of Trog.
  6173 | D:5      | Reached skill level 5 in Transmutations
  6180 | D:5      | Reached XP level 8. HP: 48/68 MP: 8/11
  6329 | D:5      | Found a faded altar of an unknown god.
  6329 | D:5      | Found a faded altar of an unknown god.
  6329 | D:5      | Found a hazy altar of Hepliaklqana.
  6503 | D:5      | Learned a level 2 spell: Wereblood
  6588 | D:6      | Noticed Menkaure
  6593 | D:6      | Killed Menkaure
  6601 | D:6      | Reached skill level 5 in Unarmed Combat
  6660 | D:6      | Noticed Edmund
  6690 | D:5      | Killed Edmund
  7044 | D:6      | Found an iron altar of Okawaru.
  7054 | D:6      | Became a worshipper of Warmaster Okawaru
  7203 | D:6      | Found Tapunnub's Distillery.
  7708 | D:6      | Reached skill level 1 in Invocations
  7835 | D:6      | Found a runed translucent door.
  7835 | D:6      | Noticed ytrimaz's ghost (novice OpTm)
  7950 | D:6      | Reached XP level 9. HP: 78/78 MP: 8/12
  8212 | D:7      | Found a runed translucent door.
  8213 | D:7      | Noticed Crazy Yiuf
  8397 | D:7      | Noticed Joseph
  8413 | D:7      | Killed Joseph
  8413 | D:7      | Reached * piety under Okawaru
  8768 | D:7      | Found a broken altar of Ashenzari.
  8801 | D:7      | Found a staircase to the Ecumenical Temple.
  9078 | D:7      | Killed Crazy Yiuf
  9348 | D:8      | Reached ** piety under Okawaru
  9487 | D:8      | Found a staircase to the Lair.
  9880 | D:8      | Got the Grimoire of Ignition and Transmutation
 10040 | D:8      | Reached XP level 10. HP: 74/89 MP: 13/13
 10189 | D:9      | Found a stormy altar of Qazlal.
 10229 | D:9      | Reached skill level 6 in Transmutations
 10237 | D:9      | Reached *** piety under Okawaru
 10962 | D:10     | Entered Level 10 of the Dungeon
 10974 | D:10     | Reached skill level 7 in Transmutations
 11328 | D:10     | Reached **** piety under Okawaru
 11393 | D:10     | Found an ornate altar of the Wu Jian Council.
 11395 | D:10     | Found a glowing silver altar of Zin.
 11396 | D:10     | Identified 2 scrolls of acquirement
 11397 | D:10     | Acquired the +2 hat of Oseffem {+Inv rC+}
 11413 | D:10     | Acquired 994 gold pieces
 11572 | D:11     | Noticed a boulder beetle
 11573 | D:11     | Noticed a two-headed ogre
 11582 | D:11     | Killed a boulder beetle
 11583 | D:11     | Reached skill level 8 in Transmutations
 11588 | D:11     | Killed a two-headed ogre
 11589 | D:11     | Reached skill level 10 in Unarmed Combat
 11800 | D:11     | Reached ***** piety under Okawaru
 11825 | D:11     | Found a staircase to the Orcish Mines.
 12294 | D:12     | Noticed an orange crystal statue
 12298 | D:12     | Reached XP level 11. HP: 30/99 MP: 14/14
 12622 | D:11     | Reached skill level 9 in Transmutations
 12852 | Lair:1   | Entered Level 1 of the Lair of Beasts
 12923 | Lair:1   | Identified the +3 rapier "Demonslayer" {flame, Fly rElec}
                  | (Okawaru gifted it to you on level 1 of the Lair of Beasts)
 12923 | Lair:1   | Received a gift from Okawaru
 12924 | Lair:1   | Reached skill level 10 in Fighting
 13296 | Lair:1   | Reached skill level 10 in Transmutations
 14444 | Lair:2   | Noticed a four-headed hydra
 14448 | Lair:2   | Noticed a four-headed hydra
 14450 | Lair:2   | Killed a four-headed hydra
 14457 | Lair:2   | Killed a four-headed hydra
 14926 | Lair:3   | Reached skill level 11 in Transmutations
 14926 | Lair:3   | Received a gift from Okawaru
 15240 | Lair:3   | Found a staircase to the Swamp.
 15494 | Lair:3   | Noticed a five-headed hydra
 15503 | Lair:3   | Killed a five-headed hydra
 15503 | Lair:3   | Received a gift from Okawaru
 15504 | Lair:3   | Reached XP level 12. HP: 110/110 MP: 11/17
 15844 | Lair:3   | Found a hole to the Spider Nest.
 16159 | Lair:3   | Learned a level 7 spell: Dragon Form
 16287 | Lair:4   | Reached skill level 12 in Transmutations
 16336 | Lair:4   | Found a dark tunnel.
 16345 | Volcano  | Entered a volcano
 16483 | Volcano  | Gained mutation: You tend to lose your temper in combat.
                  | [mutagenic glow]
 16495 | Volcano  | HP: 2/111 [sun demon (6)]
 16497 | Volcano  | Received a gift from Okawaru
 16982 | Volcano  | Lost mutation: Your body sometimes deteriorates upon taking
                  | damage. [potion of mutation]
 16982 | Volcano  | Lost mutation: You tend to lose your temper in combat.
                  | [potion of mutation]
 16982 | Volcano  | Lost mutation: Your mind is acute. (Int +2) [potion of
                  | mutation]
 16982 | Volcano  | Gained mutation: You have a somewhat thin skeletal
                  | structure. (Dex +2, Stealth+) [potion of mutation]
 17371 | Volcano  | Received a gift from Okawaru
 17944 | Lair:4   | Reached skill level 13 in Transmutations
 18700 | Lair:5   | Found the ring of the Octopus King
 18715 | Lair:5   | Identified a ring of the Octopus King {Wiz AC+1 EV+1 Str+1
                  | Int+1 Dex+1}
 19040 | Lair:5   | Reached XP level 13. HP: 118/118 MP: 18/18
 19604 | Lair:6   | Entered Level 6 of the Lair of Beasts
 19642 | Lair:6   | Reached skill level 14 in Transmutations
 19790 | Lair:6   | Found a staircase to the Slime Pits.
 19944 | Lair:6   | Reached ****** piety under Okawaru
 20001 | Lair:6   | Reached skill level 15 in Transmutations
 20021 | Lair:6   | Identified the +7 morningstar of Asongot {antimagic, rC+}
                  | (Okawaru gifted it to you on level 6 of the Lair of Beasts)
 20021 | Lair:6   | Received a gift from Okawaru
 20110 | Lair:6   | Found the +3 crown of Dyrovepreva {rElec Int+2 SInv}
 20781 | Lair:6   | Received a gift from Okawaru
 20785 | Lair:6   | Reached skill level 16 in Transmutations
 21130 | Lair:6   | Mangled by a death yak

Illustrated notes

Levels and vault maps discovered:
D:1:      scummos_arrival_hexagon, layout_basic, nicolae_ecumenical_lake_church,
          minmay_tromino_v4_a
D:2:      layout_basic
D:3:      layout_basic, minivault_27
D:4:      layout_cave_pods, uniq_grinder
D:5:      layout_loops_cross, trog_ov_bears_minmay,
          nicolae_hepliaklqana_ecumenical_no_more,
          chequers_temple_overflow_statue_of_worship
D:6:      layout_cave_pools, okawaru_gym_becter, serial_shops,
          nicolae_square_shop, gammafunk_ghost_grave, uniq_menkaure, uniq_edmund
D:7:      layout_loops_ring, ashenzari_conservatory_becter,
          minmay_temple_entry_junction, corner_web_ring,
          minmay_misc_feat_nine_boxes, uniq_crazy_yiuf_cottage, uniq_joseph
D:8:      layout_basic, lair_entry_dummy
D:9:      layout_loops_cross, lemuel_round_altar
D:10:     lemuel_flame_loot_2, layout_gridville,
          mainiacjoe_overflow_catwalk_spiral
D:11:     layout_rooms, erik_orc_3
D:12:     layout_roguey, serial_shops, statue_bzr, gauntlet_entry_generic
Lair:1:   layout_regular_city, grunt_megastairs_1
Lair:2:   layout_misc_corridors
Lair:3:   layout_cave_pods, swamp_mist, nicolae_spider_entry_orb_guardian,
          infiniplex_staircase_pool
Lair:4:   layout_long_grid, nicolae_volcano_entry_vermiform,
          beast_lair_carwin_10, grunt_megastairs_5
Lair:5:   layout_regular_city, minmay_lindwurm_lava, lemuel_fruit_tree
Lair:6:   hangedman_lair_in_review, layout_small_grid,
          hangedman_lair_caniforms_friends, minmay_slime_entry_pillars,
          lemuel_old_faithful

Skill      XL: |  1  2  3  4  5  6  7  8  9 10 11 12 13 |
---------------+----------------------------------------+-----
Poison Magic   | 1 2 |  2.5
Fighting       | 2 3 4 5 6 8 9 11 12 14 | 14.3
Transmutations | 3 4 5 8 11 13 16 | 16.1
Dodging        | 2 3 |  3.9
Ice Magic      | 1 2 3 |  3.9
Unarmed Combat | 4 6 9 10 11 | 11.0
Invocations    | 1 2 |  2.9
Spellcasting   | 3 |  3.9

Action                   |  1- 3 |  4- 6 |  7- 9 | 10-12 | 13-15 || total
-------------------------+-------+-------+-------+-------+-------++-------
Melee: Unarmed           |   136 |   150 |   191 |   509 |   176 ||  1162
       Kick              |    11 |     6 |       |       |       ||    17
       Tailslap          |    11 |     4 |     4 |    12 |    20 ||    51
       Headbutt          |     4 |     2 |       |       |       ||     6
       Punch             |       |     1 |       |     3 |     4 ||     8
       Bite              |       |       |       |     2 |    18 ||    20
 Cast: Beastly Appendage |     7 |     5 |       |       |       ||    12
       Spider Form       |     1 |    15 |    25 |    24 |       ||    65
       Ice Form          |       |     1 |     8 |     9 |     4 ||    22
       Wereblood         |       |       |       |     6 |     6 ||    12
       Dragon Form       |       |       |       |     5 |    13 ||    18
Invok: Heroism           |       |       |       |    12 |     2 ||    14
 Abil: End Transformatio |       |     3 |     5 |     8 |     3 ||    19
       Breathe Steam     |       |       |    18 |    11 |    14 ||    43
Evoke: Wand              |       |       |       |     6 |       ||     6
  Use: Scroll            |     2 |     3 |     1 |    14 |     1 ||    21
       Potion            |       |     3 |       |     2 |       ||     5
 Stab: Sleeping          |     2 |     1 |       |       |       ||     3
Armor: Skin              |    42 |    25 |    25 |   115 |    95 ||   302
Dodge: Dodged            |    88 |    98 |   151 |   468 |   115 ||   920

Table legend: (Time is in decaauts)
 A = Elapsed time spent in this place.
 B = Non-inter-level travel time spent in this place.
 C = Inter-level travel time spent in this place.
 D = Time resting spent in this place.
 E = Time spent auto-exploring this place.
 F = Levels seen in this place.
 G = Mean time per level.
                   A        B        C        D        E       F      G
               +--------+--------+--------+--------+--------+-----+--------+
         Total |  20974 |  20288 |    686 |   2271 |  15163 |  19 | 1103.9 |
       Dungeon |  12791 |  12260 |    531 |   1525 |   9012 |  12 | 1065.9 |
          Lair |   6974 |   6820 |    154 |      0 |   5791 |   6 | 1162.3 |
       Volcano |   1209 |   1209 |      0 |    746 |    359 |   1 | 1209.0 |
               +--------+--------+--------+--------+--------+-----+--------+

Top non-repeatable levels by time:
     D:5: 1702 daAuts
     D:1: 1573 daAuts
  Lair:6: 1497 daAuts
     D:2: 1387 daAuts
  Lair:3: 1359 daAuts
     D:3: 1324 daAuts
  Lair:1: 1312 daAuts
  Lair:4: 1218 daAuts
 Volcano: 1209 daAuts
     D:6: 1121 daAuts
     D:7: 1093 daAuts
    D:11: 1090 daAuts
     D:8: 958 daAuts
  Lair:5: 951 daAuts
     D:9: 905 daAuts
